[Event "FIDE World Rapid Chess Championship 2021"]
[White "Paravyan, David"]
[Black "Najer, Evgeniy"]
[WhiteFideId "4194985"]
[BlackFideId "4118987"]
[WhiteElo "2671"]
[BlackElo "2565"]
[Result "1/2-1/2"]
[Round "07"]
[TimeControl "900+10"]
[Date "2021.12.27"]
[WhiteClock "0:00:45"]
[BlackClock "0:00:29"]

1. e4 e5 2. Nf3 Nc6 3. Nc3 Nf6 4. d4 exd4 5. Nxd4 Bb4 6. Nxc6 bxc6 7. Bd3 d5 8. exd5 O-O 9. O-O cxd5 10. Bg5 c6 11. Qf3 h6 12. Bxf6 Qxf6 13. Qxf6 gxf6 14. Ne2 Rb8 15. b3 Re8 16. h3 Kf8 17. Rad1 a5 18. Nd4 c5 19. Nb5 a4 20. Nd6 Rd8 21. Nxc8 Rbxc8 22. Ba6 axb3 23. axb3 Rc6 24. Be2 Re6 25. Bf3 d4 26. Rd3 Bc3 27. Bg4 Re5 28. Rf3 Ke7 29. Bf5 Rd6 30. g3 Kd8 31. Kg2 Kc7 32. Bd3 Kd8 33. Rd1 Ke7 34. Rf4 Kf8 35. Rh4 Kg7 36. Rf1 Rb6 37. f4 Re3 38. Rh5 Rc6 39. Rd5 Rc7 40. Rf3 Re8 41. Rf2 Bb4 42. Kf3 Re3+ 43. Kg4 Rce7 44. Rf3 Re1 45. Rd8 R1e3 46. Rd5 Re1 47. h4 Re8 48. Kf5 R8e7 49. g4 Rh1 50. h5 Rg1 51. Rf1 Rg3 52. Ra1 Rf3 53. Rf1 Rg3 54. Rf2 Rge3 55. g5 fxg5 56. fxg5 hxg5 57. Kxg5 R3e5+ 58. Rf5 Rxd5 59. Rxd5 Re5+ 60. Rxe5 f6+ 61. Kf5 fxe5 62. Kxe5 Kh6 63. Be2 Kg5 64. Ke4 1/2-1/2


[Site "http://www.Chess.com"]

[Event "FIDE World Rapid Chess Championship 2021"]
[White "Gareyev, Timur"]
[Black "Matlakov, Maxim"]
[WhiteFideId "14200937"]
[BlackFideId "4168003"]
[WhiteElo "2578"]
[BlackElo "2652"]
[Result "1-0"]
[Round "07"]
[TimeControl "900+10"]
[Date "2021.12.27"]
[WhiteClock "0:01:14"]
[BlackClock "0:01:36"]

1. d4 Nf6 2. c4 e6 3. Nc3 Bb4 4. Nf3 d5 5. Qa4+ Nc6 6. e3 O-O 7. a3 Bxc3+ 8. bxc3 Bd7 9. Qc2 Na5 10. cxd5 exd5 11. a4 Re8 12. Ba3 Ne4 13. Bd3 Bf5 14. O-O Nc4 15. Bxc4 dxc4 16. Qb2 b6 17. Ne5 Nd6 18. Rfe1 c5 19. Rad1 Qc7 20. h3 f6 21. Ng4 Bd3 22. f3 cxd4 23. cxd4 Nf5 24. e4 Qg3 25. Bb4 h5 26. exf5 hxg4 27. hxg4 Kf7 28. Re6 Rxe6 29. fxe6+ Kxe6 30. Rxd3 Kd5 1-0


[Site "http://www.Chess.com"]

[Event "FIDE World Rapid Chess Championship 2021"]
[White "Socko, Bartosz"]
[Black "Alekseenko, Kirill"]
[WhiteFideId "1107038"]
[BlackFideId "4135539"]
[WhiteElo "2562"]
[BlackElo "2637"]
[Result "0-1"]
[Round "07"]
[TimeControl "900+10"]
[Date "2021.12.27"]
[WhiteClock "0:00:20"]
[BlackClock "0:00:25"]

1. d4 d5 2. c4 dxc4 3. e4 Nf6 4. e5 Nd5 5. Bxc4 Nb6 6. Bd3 Nc6 7. Be3 Be6 8. Nf3 Qd7 9. Nc3 Nb4 10. Be2 Bf5 11. O-O e6 12. Nh4 Bc2 13. Qd2 Be7 14. a3 Bxh4 15. axb4 Bg6 16. b5 Be7 17. Ra2 O-O 18. Rfa1 Bb4 19. Rxa7 Rxa7 20. Rxa7 Nd5 21. h4 h6 22. h5 Be4 23. Ra4 Bf5 24. Qc1 Nxe3 25. Qxe3 Be7 26. Bf3 Bg5 27. Qe2 b6 28. Bc6 Qe7 29. d5 Rd8 30. Qf3 Bc2 31. Ra7 exd5 32. Nxd5 Qxe5 33. Rxc7 Bf5 34. Rb7 Ra8 35. g3 Ra1+ 36. Kh2 Be6 37. Nc7 Bc8 38. Bd5 Bf6 39. Rb8 Qxc7 40. Qf4 Qc5 41. Qf5 Rc1 42. Be4 Qc7 43. Ra8 Bd8 44. Qh7+ Kf8 45. Qh8+ Ke7 46. Qxg7 Qc5 47. Ra7+ Bc7 48. Kg2 Qxh5 0-1


[Site "http://www.Chess.com"]

[Event "FIDE World Rapid Chess Championship 2021"]
[White "Cheparinov, Ivan"]
[Black "Muradli, Mahammad"]
[WhiteFideId "2905540"]
[BlackFideId "13409301"]
[WhiteElo "2621"]
[BlackElo "2285"]
[Result "1-0"]
[Round "07"]
[TimeControl "900+10"]
[Date "2021.12.27"]
[WhiteClock "0:01:55"]
[BlackClock "0:00:08"]

1. d4 Nf6 2. c4 e6 3. Nf3 d5 4. g3 Be7 5. Bg2 O-O 6. Nc3 Nbd7 7. Qd3 b6 8. cxd5 Nxd5 9. O-O Bb7 10. Rd1 Rc8 11. e4 Nxc3 12. bxc3 c5 13. Bf4 cxd4 14. cxd4 h6 15. h4 Nf6 16. Ne5 b5 17. d5 Qb6 18. Rab1 a6 19. a4 exd5 20. exd5 Bc5 21. axb5 Bxf2+ 22. Kh1 axb5 23. Rxb5 Qa6 24. Rb2 Bc5 25. Qxa6 Bxa6 26. d6 Rcd8 27. Nc6 Rd7 28. Nb8 Ra7 29. d7 Rd8 30. Rc2 Rdxd7 31. Nxd7 Nxd7 32. Rxd7 Rxd7 33. Rxc5 Bb7 34. Bxb7 Rxb7 35. Kg2 Kh7 36. Rc7 Rb2+ 37. Kf3 Kg6 38. Rc5 f5 39. Rc7 Kh5 40. Rxg7 Rf2+ 41. Ke3 Rf3+ 42. Kd4 Rd3+ 1-0


[Site "http://www.Chess.com"]

[Event "FIDE World Rapid Chess Championship 2021"]
[White "Mamedyarov, Shakhriyar"]
[Black "Harsha, Bharathakoti"]
[WhiteFideId "13401319"]
[BlackFideId "5078776"]
[WhiteElo "2727"]
[BlackElo "2484"]
[Result "1-0"]
[Round "07"]
[TimeControl "900+10"]
[Date "2021.12.27"]
[WhiteClock "0:01:14"]
[BlackClock "0:00:31"]

1. d4 e6 2. c4 Bb4+ 3. Nc3 Nf6 4. Qc2 d5 5. cxd5 exd5 6. Bf4 O-O 7. e3 c5 8. dxc5 Ne4 9. Bd3 Bxc3+ 10. bxc3 Nd7 11. f3 Nef6 12. Ne2 Nxc5 13. O-O Re8 14. Rfd1 Bd7 15. Rd2 Rc8 16. Bf5 Qe7 17. Rb1 h6 18. Nd4 Red8 19. g4 Bxf5 20. Nxf5 Qe6 21. Rg2 Nh7 22. h4 Rd7 23. Rd1 Re8 24. Qb2 Qf6 25. Qb5 b6 26. Rxd5 a6 27. Qc4 Rxd5 28. Qxd5 Rd8 29. Qe5 Ne6 30. Qxf6 Nxf6 31. Be5 Nd7 32. Bd4 Ndc5 33. g5 hxg5 34. hxg5 Rd7 35. f4 Ne4 36. a4 Nxd4 37. cxd4 g6 38. Nh6+ Kg7 39. Rb2 Rd6 40. Kg2 Rc6 41. Ng4 Nc3 42. Ne5 Re6 43. Rc2 Nxa4 44. Rc7 b5 45. d5 Rd6 46. e4 b4 47. Nxf7 Rb6 48. d6 Rb8 49. Ne5+ Kg8 50. Nc6 1-0


[Site "http://www.Chess.com"]

[Event "FIDE World Rapid Chess Championship 2021"]
[White "Theodorou, Nikolas"]
[Black "Vachier-Lagrave, Maxime"]
[WhiteFideId "4262875"]
[BlackFideId "623539"]
[WhiteElo "2559"]
[BlackElo "2773"]
[Result "1/2-1/2"]
[Round "07"]
[TimeControl "900+10"]
[Date "2021.12.27"]
[WhiteClock "0:00:27"]
[BlackClock "0:07:01"]

1. d4 Nf6 2. Nf3 g6 3. Nbd2 d5 4. e3 Bg7 5. Be2 O-O 6. b4 a5 7. b5 c5 8. bxc6 Nxc6 9. O-O Bf5 10. c4 Nb4 11. Bb2 Rc8 12. Qb3 dxc4 13. Bxc4 Bc2 14. Qa3 Ne4 15. Rac1 Nxd2 16. Nxd2 e5 17. d5 b5 18. Bb3 Qb6 19. Bxc2 Nxc2 20. Qd3 Nb4 21. Qb3 Na6 22. Ne4 a4 23. Qa3 Rc7 24. Rxc7 Nxc7 25. Rd1 Rd8 26. d6 Ne6 27. Qd3 Qc6 28. Rc1 Qb7 29. Nc5 Nxc5 30. Rxc5 e4 31. Qxb5 Rxd6 32. g3 Qxb5 33. Rxb5 Rd1+ 34. Kg2 Rb1 35. Rb8+ Bf8 36. g4 f6 37. Be5 Rxb8 38. Bxb8 Kf7 39. f3 f5 40. gxf5 gxf5 41. fxe4 fxe4 42. Kg3 Ke6 43. Kf4 Kd5 44. Kf5 Be7 45. h3 a3 46. Bf4 Bc5 47. Bh6 Be7 48. Bf4 Bh4 49. Bh6 Be7 1/2-1/2


[Site "http://www.Chess.com"]

[Event "FIDE World Rapid Chess Championship 2021"]
[White "Salem, A.R. Saleh"]
[Black "Shoker, Samy"]
[WhiteFideId "9301348"]
[BlackFideId "627143"]
[WhiteElo "2729"]
[BlackElo "2550"]
[Result "1-0"]
[Round "07"]
[TimeControl "900+10"]
[Date "2021.12.27"]
[WhiteClock "0:02:54"]
[BlackClock "0:00:38"]

1. d4 d6 2. e4 g6 3. c4 Bg7 4. Nc3 e5 5. d5 f5 6. exf5 gxf5 7. Qh5+ Kf8 8. Qd1 Nf6 9. Nf3 a5 10. Be2 Na6 11. O-O Bd7 12. g3 Nc5 13. Nh4 Rg8 14. Kh1 a4 15. Be3 b6 16. Qc2 Qc8 17. Rae1 c6 18. Bxc5 bxc5 19. f3 cxd5 20. cxd5 c4 21. g4 a3 22. bxa3 Rxa3 23. Nxf5 Bxf5 24. gxf5 Qa6 25. Rb1 Bh6 26. Rb4 Qa7 27. Rxc4 Qg7 28. Rc8+ Ne8 29. Bb5 Rxc3 30. Rxc3 Kf7 31. Rc7+ Nxc7 32. Qxc7+ Kf6 33. Qxd6+ Kxf5 34. Bd7+ Kf4 35. Qb4+ Ke3 36. Qe4+ Kd2 37. Rf2+ Kd1 38. Ba4+ 1-0


[Site "http://www.Chess.com"]

[Event "FIDE World Rapid Chess Championship 2021"]
[White "Shirov, Alexei"]
[Black "Indjic, Aleksandar"]
[WhiteFideId "2209390"]
[BlackFideId "911925"]
[WhiteElo "2702"]
[BlackElo "2544"]
[Result "0-1"]
[Round "07"]
[TimeControl "900+10"]
[Date "2021.12.27"]
[WhiteClock "0:00:42"]
[BlackClock "0:01:07"]

1. e4 e5 2. Nf3 Nf6 3. Nxe5 d6 4. Nf3 Nxe4 5. d4 d5 6. Bd3 Bd6 7. O-O O-O 8. c4 c6 9. Nc3 Nxc3 10. bxc3 dxc4 11. Bxc4 Bg4 12. h3 Bh5 13. Be2 Nd7 14. Be3 Qc7 15. Nd2 Bg6 16. Nc4 Bh2+ 17. Kh1 Bf4 18. Bd3 b5 19. Bxg6 hxg6 20. Bxf4 Qxf4 21. Nb2 Rfe8 22. a4 Nb6 23. Nd3 Qf5 24. a5 Nd5 25. Rc1 Re4 26. Ne5 Re8 27. Qf3 Qxf3 28. Nxf3 a6 29. c4 Nb4 30. cxb5 cxb5 31. Rc7 R4e7 32. Rfc1 f6 33. Rxe7 Rxe7 34. Rc8+ Kf7 35. h4 Ke6 36. Nd2 Kd6 37. Nb3 Kd5 38. Rc5+ Kd6 39. Rc8 Nc6 40. Ra8 Ra7 41. Rc8 Kd5 42. Kh2 b4 43. Kg3 Rd7 44. Nc5 Ra7 45. Nb3 Kc4 46. Nd2+ Kd3 47. Nb3 Ne7 48. Rb8 Kc3 49. Nc5 Nf5+ 50. Kg4 Nxd4 51. Ne4+ Kd3 52. Nc5+ Kc4 53. Na4 Nc6 54. Rb6 Nxa5 55. Nb2+ Kc3 56. Na4+ Kb3 57. Nc5+ Kc4 58. Nxa6 b3 0-1


[Site "http://www.Chess.com"]

[Event "FIDE World Rapid Chess Championship 2021"]
[White "Saric, Ivan"]
[Black "Durarbayli, Vasif"]
[WhiteFideId "14508150"]
[BlackFideId "13402935"]
[WhiteElo "2684"]
[BlackElo "2532"]
[Result "1-0"]
[Round "07"]
[TimeControl "900+10"]
[Date "2021.12.27"]
[WhiteClock "0:05:00"]
[BlackClock "0:01:47"]

1. e4 e5 2. Nf3 Nc6 3. Bb5 a6 4. Ba4 Nf6 5. O-O Be7 6. d3 b5 7. Bb3 O-O 8. Nc3 d6 9. a3 h6 10. h3 Re8 11. Be3 Bf8 12. a4 Rb8 13. axb5 axb5 14. Nd5 Be6 15. Nxf6+ Qxf6 16. c3 Qd8 17. d4 Bxb3 18. Qxb3 exd4 19. cxd4 Rxe4 20. Rfc1 Ne7 21. Qd3 Re6 22. d5 Rf6 23. Ra7 Rf5 24. Rcxc7 Nxd5 25. Rd7 Qf6 26. Rxf7 1-0


[Site "http://www.Chess.com"]

[Event "FIDE World Rapid Chess Championship 2021"]
[White "Parligras, Mircea-Emilian"]
[Black "Svane, Rasmus"]
[WhiteFideId "1204297"]
[BlackFideId "4657101"]
[WhiteElo "2550"]
[BlackElo "2677"]
[Result "1/2-1/2"]
[Round "07"]
[TimeControl "900+10"]
[Date "2021.12.27"]
[WhiteClock "0:06:36"]
[BlackClock "0:05:25"]

1. d4 Nf6 2. c4 e6 3. Nf3 d5 4. Nc3 c5 5. cxd5 cxd4 6. Qxd4 exd5 7. e4 dxe4 8. Qxd8+ Kxd8 9. Ng5 Be6 10. Nxe6+ fxe6 11. Bg5 Nc6 12. O-O-O Ke8 13. Bb5 Rc8 14. Kb1 Bb4 15. Bxf6 gxf6 16. Nxe4 f5 17. Nd6+ Bxd6 18. Rxd6 Ke7 19. Rhd1 Rhd8 20. Rxd8 Rxd8 21. Rxd8 Nxd8 22. f4 Kd6 23. Kc2 Kc5 24. Bd7 Kd4 25. Kd2 Ke4 26. g3 h6 27. a3 e5 28. fxe5 Kxe5 29. Ke3 Nf7 30. Bb5 Ng5 1/2-1/2


[Site "http://www.Chess.com"]

[Event "FIDE World Rapid Chess Championship 2021"]
[White "Fridman, Daniel"]
[Black "Sjugirov, Sanan"]
[WhiteFideId "11600454"]
[BlackFideId "4189302"]
[WhiteElo "2542"]
[BlackElo "2634"]
[Result "1/2-1/2"]
[Round "07"]
[TimeControl "900+10"]
[Date "2021.12.27"]
[WhiteClock "0:09:23"]
[BlackClock "0:09:49"]

1. d4 d5 2. c4 e6 3. Nf3 Nf6 4. g3 Bb4+ 5. Nbd2 O-O 6. Bg2 b6 7. O-O Bb7 8. b3 a5 9. Bb2 c5 10. a3 Bxd2 11. Nxd2 Nbd7 12. Rc1 a4 13. b4 cxb4 14. axb4 b5 15. cxb5 Qb6 16. Nb1 Qxb5 17. Ba3 Nb6 18. Nc3 Qd7 19. b5 Rfc8 20. Bc5 Qd8 21. Bxb6 Qxb6 22. Nxa4 Qxb5 23. Nc5 Bc6 24. Rb1 Qa5 25. Qd3 Nd7 26. Rfc1 Nxc5 27. Rxc5 Qd8 28. Rbc1 Bd7 29. Rxc8 Rxc8 30. Rxc8 Qxc8 31. Bf3 1/2-1/2


[Site "http://www.Chess.com"]

[Event "FIDE World Rapid Chess Championship 2021"]
[White "Predke, Alexandr"]
[Black "Sindarov, Javokhir"]
[WhiteFideId "24107581"]
[BlackFideId "14205483"]
[WhiteElo "2630"]
[BlackElo "2353"]
[Result "1-0"]
[Round "07"]
[TimeControl "900+10"]
[Date "2021.12.27"]
[WhiteClock "0:05:54"]
[BlackClock "0:03:39"]

1. d4 Nf6 2. c4 c5 3. d5 g6 4. Nc3 Bg7 5. e4 d6 6. Nf3 O-O 7. h3 e6 8. Be3 exd5 9. cxd5 Re8 10. Bd3 c4 11. Bc2 b5 12. Nxb5 Qa5+ 13. Nc3 Nxe4 14. Bxe4 Rxe4 15. O-O Rxe3 16. fxe3 Nd7 17. Nd4 Ne5 18. Qa4 Qd8 19. Nf3 Bd7 20. Qb4 Rb8 21. Qxd6 Rxb2 22. Nxe5 Qg5 23. Rf2 Qxe3 24. Ne4 Qxe4 25. Nxd7 1-0


[Site "http://www.Chess.com"]

[Event "FIDE World Rapid Chess Championship 2021"]
[White "Vidit, Santosh Gujrathi"]
[Black "Dudin, Gleb"]
[WhiteFideId "5029465"]
[BlackFideId "34184934"]
[WhiteElo "2629"]
[BlackElo "2247"]
[Result "1/2-1/2"]
[Round "07"]
[TimeControl "900+10"]
[Date "2021.12.27"]
[WhiteClock "0:00:37"]
[BlackClock "0:00:36"]

1. d4 d5 2. c4 c6 3. Nf3 Nf6 4. cxd5 cxd5 5. Nc3 Nc6 6. Bf4 a6 7. Ne5 e6 8. e3 Nd7 9. Nxc6 bxc6 10. Bd3 Be7 11. O-O c5 12. b3 O-O 13. Na4 cxd4 14. exd4 Bb7 15. Rc1 Rc8 16. Qe2 Ba3 17. Rc2 Qf6 18. Qe3 h6 19. b4 Bxb4 20. Rb1 a5 21. a3 Rxc2 22. Bxc2 Rc8 23. Bd3 Bxa3 24. Rxb7 Bc1 25. Be5 Nxe5 26. Qxe5 Qxe5 27. dxe5 Bf4 28. g3 Bxe5 29. Ra7 g6 30. Rxa5 Rc1+ 31. Kg2 Ra1 32. Ra8+ Kg7 33. Nb6 Rd1 34. Be2 Rd2 35. Kf1 Bd4 36. Nd7 Rb2 37. Rc8 Rb1+ 38. Kg2 Rb2 39. Kf1 Rb1+ 40. Kg2 Rb2 41. Kf1 Rb1+ 42. Kg2 Rb2 1/2-1/2


[Site "http://www.Chess.com"]

[Event "FIDE World Rapid Chess Championship 2021"]
[White "Narayanan.S.L, "]
[Black "Howell, David W L"]
[WhiteFideId "5058422"]
[BlackFideId "410608"]
[WhiteElo "2482"]
[BlackElo "2624"]
[Result "1/2-1/2"]
[Round "07"]
[TimeControl "900+10"]
[Date "2021.12.27"]
[WhiteClock "0:00:55"]
[BlackClock "0:01:31"]

1. d4 d5 2. c4 c6 3. Nf3 Nf6 4. Nc3 dxc4 5. a4 e6 6. e3 c5 7. Bxc4 cxd4 8. exd4 Be7 9. O-O O-O 10. Ne5 Nc6 11. Nxc6 bxc6 12. Bf4 a5 13. Qd3 Qb6 14. Rfd1 Ba6 15. b3 Rfd8 16. Ne4 Nxe4 17. Qxe4 Bf6 18. Be3 Bxc4 19. bxc4 Qa6 20. Rac1 Rd7 21. g3 Rad8 22. Rd2 h6 23. h4 Rb7 24. Kh2 Rb4 25. Qc2 Qb7 26. Rcd1 Qa6 27. Rc1 Rd7 28. Rd3 Qb7 29. Rd2 Qa6 30. Rd3 Qb7 31. Rd2 Rb3 32. Qe4 Rb4 33. Qc2 Qa6 1/2-1/2


[Site "http://www.Chess.com"]

[Event "FIDE World Rapid Chess Championship 2021"]
[White "Martirosyan, Haik M."]
[Black "Santos Latasa, Jaime"]
[WhiteFideId "13306553"]
[BlackFideId "2293307"]
[WhiteElo "2377"]
[BlackElo "2618"]
[Result "1/2-1/2"]
[Round "07"]
[TimeControl "900+10"]
[Date "2021.12.27"]
[WhiteClock "0:00:05"]
[BlackClock "0:01:20"]

1. d4 Nf6 2. c4 e6 3. Nf3 d5 4. Nc3 c6 5. Bg5 h6 6. Bxf6 Qxf6 7. e3 g6 8. Bd3 Bg7 9. O-O O-O 10. e4 Qd8 11. e5 dxc4 12. Bxc4 c5 13. dxc5 Nd7 14. Qe2 Nxc5 15. Rad1 Qe7 16. h4 a6 17. Ne4 b5 18. Nxc5 Qxc5 19. Bd3 Bb7 20. Be4 Bxe4 21. Qxe4 Rfd8 22. Rd6 Qc4 23. Qxc4 bxc4 24. Rxd8+ Rxd8 25. Rc1 Rb8 26. Rc2 Rb5 27. Kf1 Ra5 28. a3 Rb5 29. Ke2 Bxe5 30. Nxe5 Rxe5+ 31. Kf3 Rb5 32. Ke3 Rb3+ 33. Kd4 c3 34. bxc3 Rxa3 35. c4 Kf8 36. Kc5 Ke7 37. Kb6 a5 38. c5 a4 39. c6 Rb3+ 40. Kc5 a3 41. Rd2 Rb2 42. Rd7+ Kf6 43. Ra7 Rc2+ 44. Kb6 Rb2+ 45. Kc7 a2 46. Kd7 Rd2+ 47. Ke8 Rxf2 48. Rxf7+ Ke5 49. Ra7 Kd6 50. c7 Rc2 51. Rxa2 Rxc7 52. Rf2 Ke5 53. g3 Rc3 54. Kf7 Rxg3 55. Re2+ Kf5 56. Rxe6 h5 57. Rf6+ Kg4 58. Kxg6 Kxh4+ 59. Kh6 Ra3 60. Rg6 Ra5 61. Rb6 Ra4 62. Rb5 Ra6+ 63. Kg7 Re6 64. Kf7 Rd6 65. Kg7 Re6 66. Kf7 Re4 67. Kg6 Re6+ 1/2-1/2


[Site "http://www.Chess.com"]

[Event "FIDE World Rapid Chess Championship 2021"]
[White "Ivic, Velimir"]
[Black "Amin, Bassem"]
[WhiteFideId "950122"]
[BlackFideId "10601457"]
[WhiteElo "2357"]
[BlackElo "2614"]
[Result "0-1"]
[Round "07"]
[TimeControl "900+10"]
[Date "2021.12.27"]
[WhiteClock "0:00:14"]
[BlackClock "0:02:45"]

1. e4 e5 2. Nf3 Nc6 3. Bb5 a6 4. Ba4 Nf6 5. O-O Be7 6. d3 d6 7. c3 O-O 8. Nbd2 Re8 9. Re1 Bf8 10. Nf1 b5 11. Bc2 Bb7 12. Ng3 g6 13. d4 exd4 14. cxd4 Nb4 15. Bb1 c5 16. a3 Nc6 17. d5 Na5 18. b4 cxb4 19. axb4 Nc4 20. Ra2 Bg7 21. Rae2 Nd7 22. Nd2 a5 23. bxa5 Qxa5 24. Ngf1 Nc5 25. Ne3 Qa1 26. Nexc4 bxc4 27. Bc2 Ba6 28. Re3 Nd3 29. Bxd3 cxd3 30. Nf3 Bh6 31. Qd2 Rec8 32. Bb2 Bxe3 33. fxe3 Qa4 34. Nd4 Rab8 35. Nc6 Qxe4 36. Qc3 Rxb2 37. Qxb2 Re8 38. Qd2 Qxd5 39. Nd4 Qe4 40. Ra1 Bc4 41. Re1 Ra8 42. Nf3 Bd5 43. Rd1 Ra2 0-1


[Site "http://www.Chess.com"]

[Event "FIDE World Rapid Chess Championship 2021"]
[White "Kosakowski, Jakub"]
[Black "Chigaev, Maksim"]
[WhiteFideId "1185080"]
[BlackFideId "4108116"]
[WhiteElo "2304"]
[BlackElo "2605"]
[Result "0-1"]
[Round "07"]
[TimeControl "900+10"]
[Date "2021.12.27"]
[WhiteClock "0:00:40"]
[BlackClock "0:04:18"]

1. e4 c5 2. Nf3 d6 3. d4 cxd4 4. Nxd4 Nf6 5. Nc3 a6 6. h3 e6 7. g4 h6 8. Bg2 Be7 9. Be3 Nc6 10. Qe2 Nxd4 11. Bxd4 e5 12. Be3 Be6 13. O-O Rc8 14. Qd2 O-O 15. Kh1 Nd7 16. Nd5 Bxd5 17. Qxd5 Rc6 18. Rad1 Bg5 19. Qb3 Bxe3 20. fxe3 Qb6 21. Qxb6 Rxb6 22. b3 Rc8 23. Rf2 Rc3 24. Rfd2 Kf8 25. Re2 Ke7 26. Kg1 Rbc6 27. Rdd2 a5 28. Kf1 Nc5 29. Ke1 b5 30. Rd5 b4 31. Kd1 a4 32. h4 axb3 33. axb3 Ra6 34. Ke1 Ra2 35. Rdd2 g5 36. hxg5 hxg5 37. Bf3 Na6 38. Kf2 Nc7 39. Bg2 Nb5 40. Bf3 Na3 41. Kg3 Raxc2 0-1


[Site "http://www.Chess.com"]

[Event "FIDE World Rapid Chess Championship 2021"]
[White "Erdos, Viktor"]
[Black "Costachi, Mihnea"]
[WhiteFideId "719978"]
[BlackFideId "1217518"]
[WhiteElo "2601"]
[BlackElo "2443"]
[Result "1-0"]
[Round "07"]
[TimeControl "900+10"]
[Date "2021.12.27"]
[WhiteClock "0:01:09"]
[BlackClock "0:01:41"]

1. e4 e5 2. Nf3 Nc6 3. Bc4 Bc5 4. c3 Nf6 5. d4 exd4 6. e5 d5 7. Bb5 Ne4 8. cxd4 Bb6 9. Nc3 O-O 10. Be3 Bg4 11. h3 Bh5 12. Qc2 Bg6 13. Qb3 Ne7 14. O-O c6 15. Bd3 Nd2 16. Nxd2 Bxd3 17. Rfe1 Bg6 18. Na4 Nf5 19. Nf3 Nxe3 20. Rxe3 Re8 21. Qc3 Ba5 22. b4 Bb6 23. Qb2 f6 24. Rae1 fxe5 25. Nxe5 Qd6 26. Nc5 Rab8 27. Ncd7 Rbd8 28. Nxb6 axb6 29. a4 Rf8 30. a5 b5 31. Rc1 Ra8 32. Ra3 Be8 33. Nd3 Rc8 34. a6 bxa6 35. Rxa6 Qf6 36. Ne5 Qf4 37. Ra3 Qh4 38. Rf3 Rxf3 39. Nxf3 Qf4 40. Ne5 Ra8 41. Re1 Qf6 42. Re3 Bg6 43. Rc3 Be8 44. Rf3 Qh4 45. Qc3 Qe7 46. Nxc6 Bxc6 47. Qxc6 Rd8 48. Qxb5 Qe4 49. Qb6 Rc8 50. Qb7 Rc1+ 51. Kh2 Qe6 52. Rg3 g6 53. Re3 Qd6+ 54. Re5 Rc4 55. b5 Rxd4 56. Qa8+ Kg7 57. Qa7+ Kf6 58. Qxd4 Qxe5+ 59. Qxe5+ Kxe5 60. f4+ Kd6 61. g4 Kc5 62. f5 gxf5 63. gxf5 d4 64. f6 Kd6 65. Kg2 Ke6 66. b6 d3 67. Kf2 d2 68. Ke2 Kd5 1-0


[Site "http://www.Chess.com"]

[Event "FIDE World Rapid Chess Championship 2021"]
[White "Sargsyan, Shant"]
[Black "Timofeev, Artyom"]
[WhiteFideId "13306766"]
[BlackFideId "4140419"]
[WhiteElo "2344"]
[BlackElo "2591"]
[Result "1/2-1/2"]
[Round "07"]
[TimeControl "900+10"]
[Date "2021.12.27"]
[WhiteClock "0:00:26"]
[BlackClock "0:00:42"]

1. d4 d5 2. c4 dxc4 3. Nf3 Nf6 4. e3 e6 5. Bxc4 c5 6. O-O a6 7. b3 cxd4 8. Nxd4 Bd6 9. Bb2 O-O 10. Nd2 Qe7 11. Bd3 e5 12. Nf5 Bxf5 13. Bxf5 Nc6 14. Nc4 Bc5 15. Qf3 g6 16. Be4 Nxe4 17. Qxe4 Rfe8 18. Rfd1 Rad8 19. Rac1 Qe6 20. Rxd8 Rxd8 21. Nxe5 Rd2 22. Bc3 Rxa2 23. h3 Ba3 24. Rb1 Bd6 25. Ng4 Qxe4 26. Nf6+ Kf8 27. Nxe4 Be7 28. Nf6 h5 29. Nd5 f5 30. Rd1 Kf7 31. g3 Ra3 32. Rb1 Bd6 33. Kg2 Be5 34. Be1 Ke6 35. Nf4+ Bxf4 36. gxf4 a5 37. Kg3 b5 38. Kh4 b4 39. Kg5 Kf7 40. Rc1 Ne7 41. Rc5 Ra2 42. Rc1 Re2 43. Kh4 Nd5 44. Kg3 Nf6 45. Kf3 Rb2 46. Rc7+ Ke8 47. Ra7 Rxb3 48. Rxa5 Rb1 49. Ke2 Ne4 50. Rb5 Rb2+ 51. Kd3 Nxf2+ 52. Bxf2 Rxf2 53. Rxb4 Rh2 54. Kd4 Rxh3 55. Ke5 Rxe3+ 56. Kf6 Rg3 57. Ke6 Kd8 58. Rb7 h4 59. Rd7+ Kc8 60. Rh7 h3 61. Ke5 Kd8 62. Kd6 Rd3+ 63. Ke6 Kc8 64. Kf6 Rg3 65. Ke5 Kb8 66. Kd4 Kc8 67. Ke5 Kd8 68. Kd6 Kc8 69. Ke5 Rf3 70. Rh6 Re3+ 71. Kf6 Rg3 72. Rh7 g5 73. Kxf5 g4 74. Kg5 Rg2 75. f5 h2 76. f6 g3 77. Kg4 Rf2 78. Kxg3 Rxf6 79. Rxh2 Re6 1/2-1/2


[Site "http://www.Chess.com"]

[Event "FIDE World Rapid Chess Championship 2021"]
[White "Suleymanli, Aydin"]
[Black "Alonso Rosell, Alvar"]
[WhiteFideId "13413937"]
[BlackFideId "2270544"]
[WhiteElo "2202"]
[BlackElo "2571"]
[Result "1-0"]
[Round "07"]
[TimeControl "900+10"]
[Date "2021.12.27"]
[WhiteClock "0:07:11"]
[BlackClock "0:01:06"]

1. d4 Nf6 2. c4 e6 3. Nf3 d5 4. Nc3 a6 5. cxd5 exd5 6. Bg5 Be6 7. Qb3 b5 8. Bxf6 Qxf6 9. a4 b4 10. Nxd5 Qd8 11. e4 c6 12. Qe3 cxd5 13. exd5 Qxd5 14. Rc1 Be7 15. Bd3 Qd6 16. Be4 Ra7 17. d5 Rc7 18. Rxc7 Qxc7 19. dxe6 fxe6 20. O-O O-O 21. Bb1 Qd6 22. Ba2 Kh8 23. Nd4 Bg5 24. Qe4 Bf6 25. Nxe6 Rc8 26. Qg4 Nd7 27. Nf4 Qe7 28. Qh3 Qe8 29. Bb1 Nf8 30. Ng6+ 1-0


[Site "http://www.Chess.com"]

[Event "FIDE World Rapid Chess Championship 2021"]
[White "Mitrabha, Guha"]
[Black "Jumabayev, Rinat"]
[WhiteFideId "5057000"]
[BlackFideId "13702661"]
[WhiteElo "2107"]
[BlackElo "2562"]
[Result "1-0"]
[Round "07"]
[TimeControl "900+10"]
[Date "2021.12.27"]
[WhiteClock "0:00:14"]
[BlackClock "0:00:35"]

1. d4 Nf6 2. c4 e6 3. g3 Bb4+ 4. Nd2 d5 5. Bg2 O-O 6. Nf3 b6 7. O-O Bb7 8. a3 Be7 9. cxd5 exd5 10. b4 c6 11. Ne5 a5 12. bxa5 Rxa5 13. Nb3 Ra7 14. a4 Nbd7 15. Bd2 Nxe5 16. dxe5 Ne4 17. Bxe4 dxe4 18. a5 c5 19. Be3 bxa5 20. Nxc5 Qa8 21. e6 Rd8 22. exf7+ Kxf7 23. Qc2 Bd5 24. Rfc1 Rc8 25. Qd2 a4 26. Bd4 Kg8 27. Rc3 a3 28. Nxe4 Rxc3 29. Nxc3 Rd7 30. Qf4 Bf8 31. Nxd5 Qxd5 32. e3 Rb7 33. Qe5 Qf3 34. Qf4 Qd5 35. Qe5 Qc4 36. Qe4 Re7 37. Qb1 Rf7 38. Qa2 Qc6 39. Rb1 h5 40. h4 Qf3 41. Rb8 Kh7 42. Qc2+ g6 43. Rb6 Qg4 44. Kg2 Qf3+ 45. Kg1 Qg4 46. Ra6 Be7 47. Ra7 Qf3 48. e4 Bf8 49. Ra6 Rd7 50. Rf6 Qg4 51. Rxf8 Rxd4 52. Qc7+ Rd7 53. Qe5 Rg7 54. Qb8 1-0


[Site "http://www.Chess.com"]

[Event "FIDE World Rapid Chess Championship 2021"]
[White "Samunenkov, Ihor"]
[Black "Corrales Jimenez, Fidel"]
[WhiteFideId "14187086"]
[BlackFideId "3506690"]
[WhiteElo "2259"]
[BlackElo "2561"]
[Result "1/2-1/2"]
[Round "07"]
[TimeControl "900+10"]
[Date "2021.12.27"]
[WhiteClock "0:00:16"]
[BlackClock "0:00:29"]

1. d4 Nf6 2. g3 g6 3. Bg2 d5 4. Nf3 Bg7 5. O-O O-O 6. c4 Nc6 7. cxd5 Nxd5 8. Nc3 Nb6 9. e3 Re8 10. h3 a5 11. d5 Nb4 12. e4 c6 13. a3 Na6 14. dxc6 bxc6 15. Qc2 Qc7 16. Rd1 Rb8 17. Rb1 Be6 18. Bf4 Qb7 19. Bxb8 Rxb8 20. Nd4 Bd7 21. Nce2 c5 22. Nf3 c4 23. Nc3 Nc5 24. Nd2 e6 25. e5 Qc7 26. f4 g5 27. Nce4 gxf4 28. gxf4 Nd3 29. Rf1 Nd5 30. Nxc4 N5xf4 31. b3 a4 32. Kh1 Bxe5 33. Bf3 Bd4 34. Rfd1 axb3 35. Rxb3 Rxb3 36. Qxb3 f5 37. Rxd3 Nxd3 38. Qxd3 fxe4 39. Qxd4 exf3 40. Qg4+ Kh8 41. Qd4+ Kg8 42. Qg4+ Kf8 43. Qxf3+ Ke7 44. Qc3 Bc6+ 45. Kg1 Qf4 46. Qb4+ Kd8 47. Qd6+ Qxd6 48. Nxd6 Kd7 49. Nc4 Bb5 50. Nd2 Kd6 51. Kf2 Ke5 52. Ke3 Kf5 1/2-1/2


[Site "http://www.Chess.com"]